 Dungeon Crawl Stone Soup version 0.31-a0-1606-g60c5cc7444 (webtiles) character file.

Game seed: 11850216327879439742

140 Jannitor the Conjurer (level 5, -16/24 (45) HPs)
             Began as a Draconian Reaver on Jan 8, 2024.
             Was a Plaything of Xom.
             Killed by an exploding gnoll (40 damage)
             ... ignited by their inner flame
             ... on level 4 of the Dungeon.
             The game lasted 00:06:02 (2900 turns).

Jannitor the Conjurer (Draconian Reaver)            Turns: 2900, Time: 00:06:06

HP:   -16/24 (45)   AC:  7    Str: 13    XL:     5   Next: 2%
MP:   9/9           EV: 12    Int: 19    God:    Xom [......]
Gold: 30            SH:  0    Dex: 11    Spells: 6/9 levels left

rFire   . . .        l - +3 falchion
rCold   . . .        (no shield)
rNeg    . . .        (body armour unavailable)
rPois   .            i - +1 hat
rElec   .            e - +0 cloak
rCorr   .            (no gloves)
SInv    +            (no boots)
Will    .....        s - amulet of regeneration
Stlth   +            k - +6 ring of intelligence
HPRegen 1.04/turn    b - ring of see invisible
MPRegen 0.11/turn

%: no passive effects
@: brilliant, weakened, attractive, flying, very heavily drained
A: AC +5, unfitting armour, cold-blooded, big wings, weak 1
a: Renounce Religion


You were on level 4 of the Dungeon.
You worshipped Xom.
You were a very special plaything of Xom.
You visited 1 branch of the dungeon, and saw 4 of its levels.

You collected 80 gold pieces.
You spent 50 gold pieces at shops.

Inventory:

Hand Weapons
 a - a +0 falchion
 l - a +3 falchion (weapon)
Missiles
 m - 6 javelins
Armour
 e - a +0 cloak (worn)
 i - a +1 hat (worn)
 r - an orb of guile
Jewellery
 b - a ring of see invisible (right hand)
 k - a +6 ring of intelligence (left hand)
 s - an amulet of regeneration (around neck)
Wands
 q - a wand of charming (8)
Scrolls
 c - 2 scrolls of revelation
 n - a scroll of enchant weapon


   Skills:
 + Level 3.1 Fighting
 + Level 3.6 Long Blades
 + Level 2.5 Dodging
 + Level 2.7 Spellcasting
 + Level 3.7 Conjurations
 + Level 0.1 Evocations


You had 6 spell levels left.
You knew the following spells:

 Your Spells              Type           Power      Damage    Failure   Level
a - Kiss of Death         Conj/Necr      56%        2d9       8%          1
b - Momentum Strike       Conj/Tloc      28%        3d8       11%         2

Your spell library contained the following spells:

 Spells                   Type           Power      Damage    Failure   Level
 Hailstorm                Conj/Ice       14%        3d6       22%         3


Dungeon Overview and Level Annotations

Branches:
Dungeon (4/15)
 Temple: D:4-7

Altars:
Cheibriados
Kikubaaqudgha
Xom

Shops:
D:2 !   D:3 *

Annotations:
D:3 1 runed translucent door, Terence; mohammadb5305's ghost, weakling TeCj


Innate Abilities, Weirdness & Mutations

Your plain brown scales are hard. (AC +5)
You cannot fit into any form of body armour.
You are cold-blooded and may be slowed by cold attacks.
Your large and strong wings let you fly.
You are weak. (Str -2)


Message History

The gnoll picks up the pace!
You hear a shout!
It was a potion of mutation.
You feel extremely strange.
You feel weaker.
Your wings grow larger and stronger.
Xom roars with laughter!
The gnoll hits you but does no damage.
The gnoll bouda calls upon its god to heal the gnoll.
The gnoll's wounds heal themselves!
Unknown command.
Unknown command.
Okay, then.
Unknown command.
You aren't carrying any potions.
Unknown command.
Unknown command.
Aiming: Charm
Press: ? - help, Shift-Dir - straight line, f - gnoll
Aim: a gnoll, wielding a +0 whip (purple smoke, inner flame, covering ground quickly, chance to affect: 57%)
The gnoll is charmed.
The gnoll bouda hits your gnoll with a +0 club.
Flame seeps out of your gnoll. What are your orders? t - Shout!
Orders for allies: a - Attack new target. p - Attack previous target. r - Retreat! s - Stop attacking. g - Guard the area. f - Follow me.
Anything else - Cancel.
Gang up on whom?
Press: ? - help, Dir - move target, f - gnoll bouda, p - gnoll
Aim: a gnoll bouda, wielding a +0 club and wearing a +0 leather armour (purple smoke, inner flame) Attack!
Your gnoll hits the gnoll bouda with a +0 whip!
Flame seeps out of the gnoll bouda.
The gnoll bouda hits your gnoll with a +0 club!
Your gnoll explodes!
The fiery explosion engulfs the gnoll bouda!
The fiery explosion engulfs you!!!
Ouch! That really hurt!
You die...
Xom laughs nastily!

# g g# ###g# #...#
##.################
...##..g##.g§§§§@§§...#
..##....g##.#########.#
..#.......#.# #.#
......_..gg.#
###.#######
..#.......###
#.........# ..##.....##
#.#.#####.# ...##...##
#######.#.# #.#
...###.## #.........#
#.# .#.##..#
#.#####.### #.#


There were no monsters in sight!

Vanquished Creatures
  A gnoll bouda (D:4)
  An iguana (D:3)
  A gnoll (D:4)
  An adder (D:2)
  2 dart slugs
  A ribbon worm (D:2)
  5 orcs (D:3)
  5 bats
  10 endoplasms
  4 giant cockroaches
  10 hobgoblins
  6 jackals
  5 kobolds
  2 quokkas (D:1)
  8 ball pythons
  2 goblins
  13 rats
77 creatures vanquished.

Vanquished Creatures (others)
  A gnoll (D:4)
1 creature vanquished.

Grand Total: 78 creatures vanquished

Notes
Turn   | Place    | Note
-------+----------+-------------------------------------------
     0 | D:1      | Jannitor the Draconian Reaver began the quest for the Orb.
     0 | D:1      | Reached XP level 1. HP: 17/17 MP: 3/3
    24 | D:1      | Found a faded altar of an unknown god.
    32 | D:1      | Prayed at the altar of an unknown god.
    32 | D:1      | Became a worshipper of Xom of Chaos
    74 | D:1      | XOM: silly message
   199 | D:1      | Reached XP level 2. HP: 25/25 MP: 5/5
   552 | D:1      | XOM: silly message
   638 | D:1      | Reached XP level 3. HP: 23/30 MP: 6/6
   805 | D:2      | XOM: enchant monster (bad)
  1015 | D:2      | XOM: 4-stop teleportation journey
  1053 | D:2      | Found Qergho Wafi's Distillery.
  1387 | D:2      | XOM is BORED!
  1421 | D:2      | XOM: 4-stop teleportation journey
  1597 | D:2      | Reached XP level 4. HP: 37/37 MP: 7/7
  1729 | D:3      | Found a runed translucent door.
  1777 | D:3      | Found Jiyluch's Assorted Antiques.
  1817 | D:3      | Bought a scroll labelled AMNEKK EPULAO for 25 gold pieces
  1817 | D:3      | Bought a scroll labelled GUZEODGHIUR for 25 gold pieces
  1841 | D:3      | Noticed mohammadb5305's ghost (weakling TeCj)
  1988 | D:3      | XOM: draining
  1990 | D:3      | Noticed Terence
  2186 | D:3      | Learned a level 2 spell: Momentum Strike
  2217 | D:3      | Found an ancient bone altar of Kikubaaqudgha.
  2348 | D:3      | XOM: smoke on damage
  2589 | D:3      | XOM: summons 1 hostile shadow creature
  2632 | D:4      | Noticed a scorpion
  2633 | D:4      | XOM: divination: detect creatures
  2730 | D:4      | Found a snail-covered altar of Cheibriados.
  2756 | D:4      | Reached XP level 5. HP: 19/31 MP: 9/9
  2875 | D:4      | XOM: draining
  2897 | D:4      | Gained mutation: You are weak. (Str -2) [potion of
                  | mutation]
  2897 | D:4      | Gained mutation: Your large and strong wings let you fly.
                  | [potion of mutation]
  2900 | D:4      | Killed by an exploding gnoll... ignited by their inner
                  | flame

Illustrated notes

Levels and vault maps discovered:
D:1:      lightli_arrival_boilingwater, layout_loops_cross,
          ebering_ecumenical_altar_box
D:2:      layout_basic, serial_shops, nicolae_shop_just_a_little_nook
D:3:      layout_loops_ring, kiku_gazebo_pond_becter, serial_shops, shop,
          hellmonk_ghost_happy_afterlife, reono_crystal_passage, uniq_terence
D:4:      corexii_shack_village, layout_loops_ring, lemuel_round_altar,
          grunt_qazlal_clouds, uniq_eustachio, uniq_blork_the_orc

Skill      XL: |  1  2  3  4 |
---------------+-------------+-----
Dodging        | 2 |  2.5
Fighting       | 3 |  3.1
Long Blades    | |  3.6
Spellcasting   | |  2.7
Conjurations   | |  3.7
Evocations     | |  0.1

Action                     |  1- 3 |  4- 6 || total
---------------------------+-------+-------++-------
  Melee: Falchion          |   165 |   102 ||   267
         Punch             |     2 |       ||     2
         Tailslap          |    17 |    11 ||    28
   Cast: Kiss of Death     |       |     2 ||     2
         Momentum Strike   |       |     1 ||     1
  Evoke: Wand              |       |     1 ||     1
    Use: Potion            |     1 |     5 ||     6
         Scroll            |     1 |     6 ||     7
   Stab: Sleeping          |     1 |     1 ||     2
 Armour: Skin              |   118 |    66 ||   184
  Dodge: Dodged            |   107 |    74 ||   181

Table legend: (Time is in decaauts)
 A = Elapsed time spent in this place.
 B = Non-inter-level travel time spent in this place.
 C = Inter-level travel time spent in this place.
 D = Time resting spent in this place.
 E = Time spent auto-exploring this place.
 F = Levels seen in this place.
 G = Mean time per level.
                   A        B        C        D        E       F      G
               +--------+--------+--------+--------+--------+-----+--------+
         Total |   2945 |   2792 |    153 |    196 |   1861 |   4 |  736.2 |
       Dungeon |   2945 |   2792 |    153 |    196 |   1861 |   4 |  736.2 |
               +--------+--------+--------+--------+--------+-----+--------+

Top non-repeatable levels by time:
     D:3: 1044 daAuts
     D:2: 847 daAuts
     D:1: 836 daAuts
     D:4: 217 daAuts
